 Dungeon Crawl Stone Soup version 0.25.1-2-g60ff931df9 (webtiles) character file.

Game seed: 14326886904248079980

1523 Gunterle the Bolt Thrower (level 8, -18/63 HPs)
             Began as a Centaur Arcane Marksman on Sept 30, 2020.
             Was an Initiate of Okawaru.
             Killed from afar by Maggie (30 damage)
             ... with a bolt of fire
             ... on level 7 of the Dungeon.
             The game lasted 00:38:44 (9227 turns).

Gunterle the Bolt Thrower (Centaur Arcane Marksman) Turns: 9227, Time: 00:38:46

Health: -18/63     AC:  7    Str:  8      XL:     8   Next: 54%
Magic:  11/11      EV: 10    Int: 15      God:    Okawaru [......]
Gold:   347        SH:  0    Dex: 11 (12) Spells: 3/11 levels left

rFire    . . .     SeeInvis +   a - +0 hand crossbow
rCold    . . .     Gourm    .   (no shield)
rNeg     . . .     Faith    +   P - +1 leather armour of Curiosity {rElec Regen+ Str-5 Int+3}
rPois    .         Spirit   .   (no helmet)
rElec    +         Reflect  .   x - +0 cloak
rCorr    .         Harm     .   y - +0 pair of gloves
MR       .....                  (no barding)
Stlth    +.........             K - amulet of faith
HPRegen  0.60/turn              k - ring of see invisible
MPRegen  0.12/turn              n - +4 ring of slaying

@: mesmerised, very quick
A: large, hooves 3, deformed body, speed 2, tough skin 3
a: Renounce Religion


You were on level 7 of the Dungeon.
You worshipped Okawaru.
Okawaru was noncommittal.
You were very hungry.

You visited 2 branches of the dungeon, and saw 8 of its levels.

You collected 347 gold pieces.

Inventory:

Hand Weapons
 a - a +0 hand crossbow (weapon)
 b - a +0 whip
 p - a +0 short sword
 r - a +0 hand axe
 s - a cursed -3 war axe
 B - a +0 vampiric short sword
Missiles
 c - 93 arrows
 d - 11 bolts (quivered)
 m - 157 stones
 z - 46 sling bullets
 E - 3 javelins
 L - 9 poisoned darts
Armour
 e - a +0 robe
 o - the +15 Maxwell's patent armour {-Cast -Tele rElec MR+ rCorr}
   (You found it on level 7 of the Dungeon)

   It insulates you from electricity.
   It affects your resistance to hostile enchantments.
   It prevents spellcasting.
   It prevents most forms of teleportation.
   It provides partial protection from all sources of acid and corrosion.
 x - a +0 cloak (worn)
 y - a +0 pair of gloves (worn)
 C - a +0 kite shield
 H - a +0 leather armour
 P - the +1 leather armour of Curiosity (worn) {rElec Regen+ Str-5 Int+3}
   (You found it on level 5 of the Dungeon)

   It affects your strength (-5).
   It affects your intelligence (+3).
   It insulates you from electricity.
   It increases your rate of regeneration.
Jewellery
 k - a ring of see invisible (left hand)
 l - an uncursed ring of resist corrosion
 n - a +4 ring of slaying (right hand)
 A - an uncursed ring of stealth
 K - an amulet of faith (around neck)
Wands
 D - a wand of iceblast (20)
 J - a wand of flame (19)
Scrolls
 h - 6 scrolls of enchant armour {unknown}
 i - 2 scrolls of blinking {unknown}
 j - a scroll of enchant weapon
 q - a scroll of amnesia
 t - a scroll of immolation {unknown}
 u - 6 scrolls of teleportation
 v - a scroll of fog {unknown}
 w - a scroll of random uselessness {unknown}
 I - 2 scrolls of magic mapping {unknown}
 N - a scroll of remove curse
 O - a scroll of noise {unknown}
 Q - a scroll of summoning {unknown}
Potions
 g - a potion of lignification
 F - a potion of mutation
 G - a potion of flight
 M - 2 potions of curing
Comestibles
 f - 12 rations


   Skills:
 + Level 3.5 Fighting
 * Level 4.3 Maces & Flails
 * Level 5.9 Crossbows
 * Level 1.9 Armour
 + Level 2.9 Dodging
 - Level 2.1 Spellcasting
 - Level 4.6 Hexes
 - Level 1.9 Translocations


You had 3 spell levels left.
You knew the following spells:

 Your Spells              Type           Power        Failure   Level  Hunger
a - Corona                Hex            ###....      4%          1    #......
b - Portal Projectile     Hex/Tloc       ##....       24%         3    ###....
c - Cause Fear            Hex            ###.......   43%         4    #####..

Your spell library contained the following spells:

 Spells                   Type           Power        Failure   Level  Hunger
 Slow                     Hex            ###.....     7%          2    ###....
 Infusion                 Chrm           #...         30%         1    #......
 Shroud of Golubria       Chrm/Tloc      #.....       30%         2    ###....
 Inner Flame              Hex/Fire       #.......     34%         3    ###....
 Spectral Weapon          Hex/Chrm       #.......     34%         3    ###....
 Song of Slaying          Chrm           #.......     43%         2    ###....
 Ozocubu's Armour         Chrm/Ice       #.......     67%         3    ###....
 Static Discharge         Conj/Air       #.......     67%         3    ###....
 Leda's Liquefaction      Hex/Erth       #.........   75%         4    #####..
 Lightning Bolt           Conj/Air       #.........   100%        5    ######.
 Ignition                 Fire           #.........   100%        8    #######
 Shatter                  Erth           #.........   100%        9    #######
 Tornado                  Air            #.........   100%        9    #######


Dungeon Overview and Level Annotations

Branches:
Dungeon (7/15)             Temple (1/1) D:6

Altars:
Ashenzari
Cheibriados
Dithmenos
Elyvilon
Fedhas
Gozag
Hepliaklqana
Kikubaaqudgha
Makhleb
Nemelex Xobeh
Okawaru
Qazlal
Ru
Sif Muna
Trog
Uskayaw
Vehumet
Wu Jian
Xom
Yredelemnul
Zin
The Shining One

Annotations:
D:5 Eustachio
D:7 Maggie


Innate Abilities, Weirdness & Mutations

You have hooves in place of feet.
Armour fits poorly on your strangely shaped body.
You cover ground very quickly.
You have extremely tough skin. (AC +3)


Message History

You are too injured to fight recklessly!
You are too injured to fight recklessly!
You are too injured to fight recklessly!
Unknown command.
Firing (i - inventory. (/) - cycle)
d - 13 bolts (quivered)
Press: ? - help, Shift-Dir - straight line, f/p - Maggie
Aim: Maggie, wielding a +0 glaive and wearing +2 steam dragon scales (almost dead, mesmerising)
You shoot a bolt. The bolt closely misses Maggie.
Maggie hits you from afar with a +0 glaive!
* * * LOW HITPOINT WARNING * * *
Firing (i - inventory. (/) - cycle)
d - 12 bolts (quivered)
Press: ? - help, Shift-Dir - straight line, f/p - Maggie
Aim: Maggie, wielding a +0 glaive and wearing +2 steam dragon scales (almost dead, mesmerising)
You shoot a bolt.
The bolt hits Maggie but does no damage.
Maggie is almost dead.
Maggie mumbles the words to a spell, but in the wrong order.
Maggie casts a spell at you. The bolt of fire hits you!!
You die...

##### ##...####
########.......#
#..............###
#.######..........
#.# #.......###
#.# #####.### #@#
#.# #......# #.#
.....@)#.# #+#
#.##.#..# # #
#.#(.# #..(.# #
#... # $(.. + #


You could see Maggie (mesmerising).

Vanquished Creatures
  An ogre (D:6)
  2 ice beasts (D:6)
  2 phantoms
  A big kobold (D:4)
  4 bullfrogs
  3 scorpions
  A howler monkey (D:4)
  A crimson imp (D:4)
  2 quasits
  2 orc wizards (D:4)
  A bullfrog skeleton (D:6)
  2 hounds
  An iguana (D:6)
  2 worker ants
  A worker ant zombie (D:6)
  4 adders (D:2)
  4 gnolls (D:4)
  A howler monkey skeleton (D:4)
  A shadow imp (D:5)
  3 oozes
  2 adder skeletons
  2 worms (D:2)
  2 dart slugs
  14 orcs
  9 bats
  9 giant cockroaches
  7 goblins
  10 hobgoblins
  10 jackals
  3 quokkas
  A ball python (D:3)
  11 frilled lizards
  16 kobolds
  A quokka zombie (D:5)
  6 rats
142 creatures vanquished.

Notes
Turn   | Place    | Note
-------+----------+-------------------------------------------
     0 | D:1      | Gunterle the Centaur Arcane Marksman began the quest for
                  | the Orb.
     0 | D:1      | Reached XP level 1. HP: 16/16 MP: 2/2
   153 | D:1      | Reached XP level 2. HP: 13/23 MP: 3/3
  1272 | D:1      | Reached XP level 3. HP: 8/28 MP: 4/4
  1875 | D:2      | Reached skill level 1 in Maces & Flails
  2178 | D:2      | Reached skill level 3 in Crossbows
  2340 | D:2      | Reached XP level 4. HP: 35/35 MP: 5/5
  2356 | D:2      | Learned a level 3 spell: Portal Projectile
  3063 | D:3      | Noticed a phantom
  3078 | D:3      | Killed a phantom
  3078 | D:3      | Reached XP level 5. HP: 31/41 MP: 5/7
  3904 | D:3      | You fall into a shaft and drop 3 floors!
  3905 | D:6      | Noticed an ice beast
  3939 | D:6      | Killed an ice beast
  3939 | D:6      | Reached skill level 1 in Translocations
  3939 | D:6      | Reached XP level 6. HP: 48/48 MP: 8/8
  4025 | D:5      | Entered Level 5 of the Dungeon
  4473 | D:4      | Reached skill level 4 in Crossbows
  4826 | D:4      | Reached XP level 7. HP: 47/56 MP: 9/9
  5782 | D:4      | Found a shimmering altar of Xom.
  5786 | D:4      | Found a shimmering altar of Xom.
  5786 | D:4      | Found a shimmering altar of Xom.
  5786 | D:4      | Found a shimmering altar of Xom.
  5787 | D:4      | Found a shimmering altar of Xom.
  5795 | D:4      | Found a shimmering altar of Xom.
  6632 | D:5      | Learned a level 4 spell: Cause Fear
  7021 | D:5      | Noticed Eustachio
  7227 | D:5      | Got a distressingly furry leather armour
  7237 | D:5      | Identified the cursed +1 leather armour of Curiosity {rElec
                  | Regen+ Str-5 Int+3} (You found it on level 5 of the
                  | Dungeon)
  7884 | D:6      | Reached skill level 5 in Crossbows
  7884 | D:6      | Reached XP level 8. HP: 25/63 MP: 11/11
  8077 | D:6      | Reached skill level 1 in Armour
  8131 | D:6      | Found a staircase to the Ecumenical Temple.
  8143 | Temple   | Entered the Ecumenical Temple
  8255 | Temple   | Became a worshipper of Warmaster Okawaru
  9007 | D:7      | Found the +15 Maxwell's patent armour {-Cast -Tele rElec
                  | MR+ rCorr}
  9103 | D:7      | Found a shimmering blue altar of Sif Muna.
  9207 | D:7      | Noticed Maggie
  9227 | D:7      | Killed from afar by Maggie

Illustrated notes

Levels and vault maps discovered:
D:1:      kennysheep_arrival_seaside, layout_rooms
D:2:      minmay_wonky_spiral, layout_loops_ring
D:3:      layout_loops_cross, first_ration
D:4:      cheibrodos_thug_alley, layout_layer_cave, xom_redecorated
D:5:      layout_basic, lightli_corner_chamber, uniq_eustachio
D:6:      layout_cave_pods, minmay_temple_entry_slanted
D:7:      layout_loops_corners, grunt_ogre_cave, hangedman_feature_mirror,
          hex_tiny, uniq_maggie
Temple:   kilobyte_greek_temple

Skill      XL: |  1  2  3  4  5  6  7  8 |
---------------+-------------------------+-----
Hexes          | 3 4 |  4.6
Maces & Flails | 1 2 3 4 |  4.3
Crossbows      | 3 4 5 |  5.9
Fighting       | 2 3 |  3.5
Dodging        | 2 |  2.9
Translocations | 1 |  1.9
Spellcasting   | 2 |  2.1
Armour         | 1 |  1.9

Action                   |  1- 3 |  4- 6 |  7- 9 || total
-------------------------+-------+-------+-------++-------
Melee: Club              |   126 |    64 |       ||   190
       Kick              |    23 |    19 |    32 ||    74
       Whip              |       |    78 |   187 ||   265
 Fire: Hand crossbow     |    18 |    79 |   126 ||   223
Throw: Dart              |    38 |    39 |     5 ||    82
       Stone             |     2 |     9 |     1 ||    12
       Javelin           |       |    11 |     4 ||    15
       Boomerang         |       |       |    55 ||    55
       Throwing net      |       |       |     1 ||     1
  Use: Scroll            |     2 |     5 |     5 ||    12
       Potion            |       |     1 |     3 ||     4
 Stab: Sleeping          |       |     3 |       ||     3
  Eat: Chunk             |     4 |     6 |     7 ||    17
       Ration            |       |       |     1 ||     1
Armor: Robe              |    68 |    52 |    58 ||   178
       Skin              |       |    13 |       ||    13
       Leather armour    |       |       |    49 ||    49
Dodge: Dodged            |    88 |    79 |   129 ||   296
